 Dungeon Crawl Stone Soup version 0.19.1-1-g22dce08 (webtiles) character file.

134 Jynx the Sneak (level 4, -1/21 HPs)
             Began as a Spriggan Enchanter on Jan 13, 2017.
             Was a Follower of Ashenzari.
             Killed by divine providence
             ... invoked by an orc priest
              (10 damage)
             ... on level 3 of the Dungeon.
             The game lasted 00:04:27 (3016 turns).

Jynx the Sneak (Spriggan Enchanter)                 Turns: 3016, Time: 00:04:28

Health: -1/21      AC:  4    Str:  4    XL:     4   Next: 95%
Magic:  6/10       EV: 18    Int: 17    God:    Ashenzari [*.....]
Gold:   101        SH:  0    Dex: 16    Spells: 3 memorised, 4 levels left

rFire  . . .     SeeInvis +     a - +1 dagger
rCold  . . .     Gourm    .     b - +1 robe
rNeg   . . .     Faith    +     (shield restricted)
rPois  .         Spirit   .     (helmet restricted)
rElec  .         Reflect  .     m - +0 cloak
rCorr  .         Harm     .     (gloves unavailable)
MR     .....                    (boots unavailable)
Stlth  +++.......               k - amulet of faith
                                (no ring)
                                (no ring)

@: very slightly contaminated, drained, very quick
A: unfitting armour, see invisible, herbivore 3, speed 3, slow metabolism 2
a: Curse Item, Scrying, Renounce Religion


You were on level 3 of the Dungeon.
You worshipped Ashenzari.
Ashenzari was aware of your devotion.
You were very hungry.

You visited 1 branch of the dungeon, and saw 3 of its levels.

You collected 101 gold pieces.

Inventory:

Hand Weapons
 a - a +1 dagger (weapon)
Armour
 b - a +1 robe (worn)
 m - a +0 cloak (worn)
Jewellery
 j - a cursed ring of flight
 k - an amulet of faith (around neck)
Scrolls
 e - a scroll of magic mapping
 g - 3 scrolls of remove curse
 l - 3 scrolls of identify {unknown}
 n - 2 scrolls of teleportation {unknown}
Potions
 f - a potion of heal wounds {unknown}
 h - a potion of cancellation {unknown}
 i - 2 potions of lignification {unknown}
Books
 c - a book of Maledictions

   Spells                             Type                      Level
   a - Corona                         Hexes                        1
   b - Ensorcelled Hibernation        Hexes/Ice                    2
   c - Confuse                        Hexes                        3
   d - Tukima's Dance                 Hexes                        3
   e - Dazzling Spray                 Conjuration/Hexes            3
Comestibles
 d - 3 bread rations


   Skills:
 * Level 3.2(3.1) Short Blades
 - Level 3.0(2.9) Dodging
 + Level 5.3(5.2) Stealth
 + Level 3.6(3.5) Spellcasting
 + Level 4.6(4.5) Hexes


You had 4 spell levels left.
You knew the following spells:

 Your Spells              Type           Power        Failure   Level  Hunger
a - Corona                Hex            ###....      2%          1    None
b - Ensorcelled Hibernat  Hex/Ice        ##....       12%         2    ##.....
c - Confuse               Hex            ###.....     10%         3    ###....


Dungeon Overview and Level Annotations

Branches:
Dungeon (3/15)

Altars:
Ashenzari
Sif Muna
Uskayaw


Innate Abilities, Weirdness & Mutations

You are very small and have problems with some larger weapons.
You are too small for most types of armour.
You have supernaturally acute eyesight. (SInv)
You are a herbivore.
You cover ground extremely quickly.
You need consume almost no food.


Message History

Casting: Ensorcelled Hibernation
Confirm with . or Enter, or press ? or * to list all spells.
Aiming: Ensorcelled Hibernation
Press: ? - help, Shift-Dir - straight line, f - orc
Aim: an orc, wielding a dagger (chance to defeat MR: 59%)
You miscast Ensorcelled Hibernation.
You are very lightly contaminated with residual magic.
Strange energies run through your body. The orc hits you but does no damage.
An orc priest comes into view. It is wielding a dagger.
Casting: Ensorcelled Hibernation
Confirm with . or Enter, or press ? or * to list all spells.
Aiming: Ensorcelled Hibernation
Press: ? - help, Shift-Dir - straight line, f/p - orc
Aim: an orc, wielding a dagger (chance to defeat MR: 59%)
The orc resists with significant effort.
The orc priest shouts!
The orc closely misses you.
The orc priest mumbles some strange prayers to Beogh against you.
Beogh smites you!
You die...

### #.. #.#
#####.# ...#.#
###.#.###
#...o...###..
#..@......#
#.....#.....###
##### #.###.#
#oo.# #.# ..
#≈≈≈# #o###.###
#...###........
#..^##.########
###'###.......#
#.8.8.#.#####.#


You could see an orc priest and an orc.

Vanquished Creatures
  An orc wizard (D:3)
  5 adders (D:2)
  A worm (D:3)
  3 dart slugs
  A leopard gecko (D:2)
  3 orcs (D:3)
  A giant cockroach (D:1)
  8 goblins
  4 hobgoblins
  3 jackals (D:3)
  A quokka (D:3)
  6 bats
  4 frilled lizards
  5 kobolds
  4 rats
50 creatures vanquished.

Notes
Turn   | Place    | Note
-------+----------+-------------------------------------------
     0 | D:1      | Jynx the Spriggan Enchanter began the quest for the Orb.
     0 | D:1      | Reached XP level 1. HP: 9/9 MP: 5/5
   139 | D:1      | Found a shattered altar of Ashenzari.
   305 | D:1      | Became a worshipper of Ashenzari the Shackled
   378 | D:1      | Reached XP level 2. HP: 11/13 MP: 6/6
   651 | D:1      | Learned a level 2 spell: Ensorcelled Hibernation
  1222 | D:2      | Reached XP level 3. HP: 8/16 MP: 1/8
  1889 | D:2      | Found a hide-covered altar of Uskayaw.
  2025 | D:2      | Learned a level 3 spell: Confuse
  2188 | D:2      | Reached XP level 4. HP: 20/21 MP: 7/10
  2247 | D:2      | Reached * piety under Ashenzari
  2565 | D:3      | Reached skill level 5 in Stealth
  2665 | D:3      | Found a deep blue altar of Sif Muna.
  3016 | D:3      | Killed from afar by an orc priest

Skill      XL: |  1  2  3  4 |
---------------+-------------+-----
Spellcasting   | 3 |  3.6
Short Blades   | 2 3 |  3.2
Hexes          | 4 |  4.6
Stealth        | 5 |  5.3
Dodging        | |  3.0

Action                   |  1- 3 |  4- 6 || total
-------------------------+-------+-------++-------
Melee: Dagger            |   126 |    48 ||   174
 Cast: Ensorcelled Hiber |    15 |    11 ||    26
  Use: Scroll            |     2 |       ||     2
       Potion            |     1 |       ||     1
 Stab: Sleeping          |    12 |    10 ||    22
Armor: Robe              |    20 |     9 ||    29
Dodge: Dodged            |    93 |    39 ||   132
